 Dungeon Crawl Stone Soup version 0.31.0-9-g3a7656b989 (webtiles) character file.

Game seed: 2374189352249606435

54 qw the Shooter (level 3, 0/20 HPs)
             Began as a Deep Elf Hunter on Feb 2, 2024.
             Slain by a goblin
             ... wielding a +0 club
             ... led by Robin
              (3 damage)
             ... on level 2 of the Dungeon.
             The game lasted 00:00:05 (1465 turns).

qw the Shooter (Deep Elf Hunter)                    Turns: 1465, Time: 00:00:06

Health: 0/20       AC:  3    Str: 10    XL:     3   Next: 66%
Magic:  5/5        EV: 12    Int: 13    God:
Gold:   50         SH:  0    Dex: 18    Spells: 2/2 levels left

rFire   . . .        a - +0 shortbow
rCold   . . .        (shield currently unavailable)
rNeg    . . .        c - +0 leather armour
rPois   .            (no helmet)
rElec   .            (no cloak)
rCorr   .            (no gloves)
SInv    .            (no boots)
Will    +....        (no amulet)
Stlth   ++           d - ring of willpower
HPRegen 0.23/turn    (no ring)
MPRegen 0.09/turn

%: no passive effects
@: no status effects
A: no striking features
a: no special abilities


You were on level 2 of the Dungeon.
You visited 1 branch of the dungeon, and saw 2 of its levels.

You collected 50 gold pieces.


   Skills:
 - Level 1.5 Fighting
 + Level 7.2 Ranged Weapons
 - Level 2.4 Dodging
 - Level 1.2 Stealth


You had 2 spell levels left.
You didn't know any spells.
Your spell library was empty.

Inventory:

Hand Weapons
 a - a +0 shortbow (weapon)
Armour
 c - a +0 leather armour (worn)
Jewellery
 d - a ring of willpower (left hand)
Scrolls
 f - a scroll of vulnerability {unknown}
Potions
 b - a potion of cancellation {unknown}
 e - 2 potions of attraction {unknown}
 g - 2 potions of lignification {unknown}

Dungeon Overview and Level Annotations

Branches:
Dungeon (2/15)

Altars:

Annotations:
D:2 Robin


Message History

You shoot an arrow. The goblin shouts!
The arrow hits the goblin!
You kill the goblin!
You hear a shout! x2
A rat comes into view.
A hobgoblin comes into view.
You shoot an arrow. The arrow barely misses the goblin.
The hobgoblin shouts!
A goblin comes into view. It is wielding a +0 club.
You shoot an arrow. The arrow hits the goblin.
The goblin is moderately wounded.
Robin of the Strong Arm comes into view.
They are wielding a +0 trident and carrying a wand of polymorph.
You shoot an arrow. The arrow hits the goblin.
The goblin is severely wounded.
Robin throws the goblin at you! The goblin hits you with a +0 club.
You shoot an arrow. The arrow barely misses the goblin.
The arrow closely misses the goblin.
The goblin hits you with a +0 dagger.
A goblin comes into view. It is wielding a +0 dagger.
The goblin closely misses you.
You shoot an arrow. The goblin shouts!
The arrow hits the goblin.
You kill the goblin!
Robin throws the goblin at you! The goblin closely misses you.
A hobgoblin comes into view.
The goblin hits you but does no damage.
You shoot an arrow. The arrow hits the goblin.
The goblin is severely wounded.
Robin roars a battlecry!
The goblins go into a battle-frenzy!
The goblin barely misses you. The goblin hits you but does no damage.
The goblin hits you with a +0 club.
You shoot an arrow. The arrow hits the goblin.
You kill the goblin!
A hobgoblin comes into view.
A goblin comes into view. It is wielding a +0 club.
The goblin hits you with a +0 club. x2; The goblin hits you but does no damage.
The hobgoblin barely misses you. The goblin hits you with a +0 club.
You die... #.# #.# #. .g# .># #.# gg#

.## # #.# g.## .##
#.#.. ...
..#########.#.###).###
%..(...... ...#.#gr..#
..########
#.#.#gg###.. .##
#...@gg.$... .##
#.###g.###.. ..#
#...#..# ..#
#.###..#.# ..#
##......... #.#
#..###.#### #.# #.##
.. #.# ###.####.# #.#
#........#


You could see Robin, 3 hobgoblins, 6 goblins and a rat.

Vanquished Creatures
  2 ribbon worms (D:2)
  4 ball pythons
  3 endoplasms
  2 giant cockroaches (D:2)
  7 goblins
  9 hobgoblins
  4 jackals (D:2)
  A quokka (D:2)
  5 frilled lizards
  A kobold (D:2)
  8 rats
46 creatures vanquished.

Notes
Turn   | Place    | Note
-------+----------+-------------------------------------------
     0 | D:1      | qw the Deep Elf Hunter began the quest for the Orb.
     0 | D:1      | Reached XP level 1. HP: 12/12 MP: 3/3
     0 | D:1      | 0 ||| qw: Version: 0.3-a-155-g5e7d8dd
     0 | D:1      | 0 ||| qw: Game counter: 2365
     0 | D:1      | 0 ||| qw: Melee chars always use a shield: true
     0 | D:1      | 0 ||| qw: God list: Okawaru
     0 | D:1      | 0 ||| qw: Allow faded altars: false
     0 | D:1      | 0 ||| qw: Do Orc after clearing Dungeon:15 true
     0 | D:1      | 0 ||| qw: Do second Lair branch before Depths: true
     0 | D:1      | 0 ||| qw: Lair rune preference: random
     0 | D:1      | 0 ||| qw: Goals: Normal
     0 | D:1      | 0 ||| PLANNING D:1-11
   297 | D:1      | Reached skill level 6 in Ranged Weapons
   297 | D:1      | Reached XP level 2. HP: 16/16 MP: 4/4
   821 | D:1      | 821 ||| UPGRADING to ring of willpower.
   822 | D:1      | 822 ||| READING 2 scrolls labelled YRPHOTO ETAMI.
   823 | D:1      | 823 ||| READING scroll labelled TEMIMP WITIAR.
   823 | D:1      | 823 ||| IDENTIFYING metallic grey potion
   824 | D:1      | 824 ||| READING scroll labelled FUHUINIUDGH.
   825 | D:1      | 825 ||| DROPPING scroll of butterflies.
   826 | D:1      | 826 ||| DROPPING scroll of revelation.
   881 | D:2      | Reached XP level 3. HP: 9/20 MP: 5/5
   883 | D:2      | HP: 3/20 [ribbon worm (6)]
   884 | D:2      | 884 ||| DRINKING potion of heal wounds.
   927 | D:2      | 927 ||| FLEEEEING.
   928 | D:2      | 928 ||| FLEEEEING.
   929 | D:2      | 929 ||| FLEEEEING.
   988 | D:2      | HP: 3/20 [jackal (3)]
  1134 | D:2      | Reached skill level 7 in Ranged Weapons
  1460 | D:2      | Noticed Robin
  1465 | D:2      | HP: 3/20 [goblin/+0 club[Robin] (5)]
  1465 | D:2      | Slain by a goblin

Levels and vault maps discovered:
D:1:      nicolae_arrival_somewhat_less_tricky_arrival, layout_basic
D:2:      kennysheep_big_flooded_room, layout_loops_ring,
          minmay_misc_feat_nine_boxes, uniq_robin

Skill      XL: |  1  2  3 |
---------------+----------+-----
Ranged Weapons | 6 7 |  7.2
Fighting       | |  1.5
Dodging        | |  2.4
Stealth        | |  1.2

Action                     || total
---------------------------++-------
   Fire: Shortbow          ||   147
    Use: Scroll            ||     3
         Potion            ||     1
 Armour: Leather armour    ||    63
  Dodge: Dodged            ||    47

Table legend:
 A = Non-vault XP
 B = Vault XP
 C = Vault XP percentage of total XP
 D = Non-vault monster count
 E = Vault monster count
 F = Vault count percentage of total count
                 A         B        C        D         E       F
            +---------+---------+-------+---------+---------+-------
      Total |      70 |      10 |  12.5 |      41 |       5 |  10.9
            +---------+---------+-------+---------+---------+-------
        D:1 |      32 |       0 |   0.0 |      21 |       0 |   0.0
        D:2 |      38 |      10 |  20.8 |      20 |       5 |  20.0
            +---------+---------+-------+---------+---------+-------
